 Dungeon Crawl Stone Soup version 0.20.1-1-g8b1a95d (webtiles) character file.

204 Irenicus the Slasher (level 5, -3/39 HPs)
             Began as an Octopode Chaos Knight on Oct 13, 2017.
             Slain by matthes123's ghost (19 damage)
             ... on level 4 of the Dungeon.
             The game lasted 00:05:03 (1676 turns).

Irenicus the Slasher (Octopode Chaos Knight)        Turns: 1676, Time: 00:05:04

Health: -3/39      AC:  1    Str: 12 (15) XL:     5   Next: 82%
Magic:  5/5        EV: 15    Int: 15 (16) God:    Xom [....*.]
Gold:   94         SH:  0    Dex: 12 (13) Spells: 4/4 levels left

rFire    . . .     SeeInvis .   a - +0 falchion (chaos)
rCold    . . .     Gourm    .   (no shield)
rNeg     . . .     Faith    .   (helmet restricted)
rPois    +         Spirit   .   (no amulet)
rElec    .         Reflect  .   e - +2 ring of intelligence
rCorr    +         Harm     .   h - ring of resist corrosion
MR       +....     Clarity  +   n - ring of wizardry
Stlth    ++........             (no ring)
Regen    0.2/turn               (no ring)
MPRegen  0.1/turn               (no ring)
                                (no ring)
                                (no ring)

@: very slightly contaminated, invisible
A: almost no armour, stealthy swim, amphibious, 8 rings, constrict 8, antennae
1, repulsion field 1, camouflage 1, clarity, high mp 1, magic resistance 1,
mutation resistance 2, sense surroundings 1, poison resistance, robust 1, strong
2, gelatinous body 1
a: Renounce Religion


You were on level 4 of the Dungeon.
You worshipped Xom.
You were a beloved toy of Xom.
You were hungry.

You visited 1 branch of the dungeon, and saw 4 of its levels.

You collected 94 gold pieces.

Inventory:

Hand Weapons
 a - a +0 falchion of chaos (weapon)
Jewellery
 e - a +2 ring of intelligence (left tentacle)
 h - a ring of resist corrosion (right tentacle)
 n - a ring of wizardry (on tentacle)
Scrolls
 d - 3 scrolls of remove curse
 i - 2 scrolls of identify {unknown}
 k - a scroll of noise {unknown}
 l - 2 scrolls of enchant armour {unknown}
 m - a scroll of magic mapping
 o - a scroll of teleportation {unknown}
Comestibles
 b - 2 bread rations
 j - 2 meat rations


   Skills:
 - Level 3.0 Fighting
 + Level 6.3 Long Blades
 - Level 2.3 Dodging


You had 4 spell levels left.
You didn't know any spells.

Dungeon Overview and Level Annotations

Branches:
Dungeon (4/15)
 Temple: D:4-7

Altars:
Ashenzari
Cheibriados
Dithmenos
Kikubaaqudgha
Nemelex Xobeh
Okawaru
Uskayaw
Xom
Zin

Annotations:
D:3 Irenicus's ghost, amateur OpCK
D:4 matthes123's ghost, amateur MiFi


Innate Abilities, Weirdness & Mutations

You cannot wear most types of armour.
You are very stealthy in the water. (Stealth+)
You are amphibious.
You can wear up to eight rings at the same time.
You can use your tentacles to constrict eight enemies at once.
Your skin changes colour to match your surroundings (Stealth+).
Your rubbery body absorbs attacks. (AC +1, EV +1)
You have a pair of small antennae on your head.
You are surrounded by a mild repulsion field. (EV +2)
You possess an exceptional clarity of mind.
You have an increased reservoir of magic. (+10% MP)
You are resistant to hostile enchantments. (MR+)
You are somewhat resistant to both further mutation and mutation removal.
You passively map a small area around you.
Your system is resistant to poisons. (rPois)
You are robust. (+10% HP)
Your muscles are very strong. (Str +4)


Message History

Matthes123's ghost hits you! Matthes123's ghost hits you.
It was a potion of heal wounds.
You feel much better. Matthes123's ghost hits you!!
It was a potion of invisibility.
You fade into invisibility!
Matthes123's ghost misses you. Matthes123's ghost barely misses you.
You riposte.
You hit matthes123's ghost.
Matthes123's ghost is lightly damaged.
You are very lightly contaminated with residual magic.
It was a potion of degeneration.
There was something very wrong with that liquid.
You feel weakened.
You feel dopey.
You feel clumsy.
Matthes123's ghost whispers, "Death is liberation."
Matthes123's ghost barely misses you.
You riposte.
You hit matthes123's ghost.
Space bends around matthes123's ghost.
Matthes123's ghost is moderately damaged.
Okay, then.
Matthes123's ghost hits you!!
You die...
Xom giggles madly!

.#####..####.###)..##
........# #.# ##.##
.######.# #.# ##.# .#
#.# #.# #..#
.######.####.# #.##
.............# #.#
.##.########## #.#
<##.# #.# .##.# #@#
.##.# #W# .##.# #.#
.##.# #.# ....# #.#
##### #.# .# #.#
.###############.#
........)..)...ยง.#


You could see matthes123's ghost (wandering).

Vanquished Creatures
  2 orc wizards
  3 adders (D:2)
  3 gnolls (D:4)
  2 oozes (D:1)
  A dart slug (D:1)
  3 leopard geckos
  4 orcs
  7 bats
  4 giant cockroaches
  A giant cockroach (shapeshifter) (D:2)
  5 goblins
  6 hobgoblins
  3 jackals (D:3)
  A quokka (D:3)
  3 ball pythons
  2 frilled lizards
  3 kobolds (D:2)
  6 rats
59 creatures vanquished.

Vanquished Creatures (collateral kills)
  A hound (D:3)
  2 orcs (D:3)
3 creatures vanquished.

Vanquished Creatures (others)
  An orc wizard (D:4)
  An orc (D:4)
2 creatures vanquished.

Grand Total: 64 creatures vanquished

Notes
Turn   | Place    | Note
-------+----------+-------------------------------------------
     0 | D:1      | Irenicus the Octopode Chaos Knight began the quest for the Orb.
     0 | D:1      | Reached XP level 1. HP: 16/16 MP: 1/1
    43 | D:1      | XOM: harmless Necr miscast
    54 | D:1      | Reached XP level 2. HP: 21/21 MP: 2/2
   215 | D:1      | Reached skill level 4 in Long Blades
   216 | D:1      | XOM: harmless Air miscast
   453 | D:2      | Found a hide-covered altar of Uskayaw.
   453 | D:2      | Noticed a dagger
   453 | D:2      | Noticed a hand axe
   458 | D:2      | XOM: 2-stop teleportation journey
   460 | D:2      | Found a glowing silver altar of Zin.
   461 | D:2      | Found a sparkling altar of Nemelex Xobeh.
   462 | D:2      | Found a shadowy altar of Dithmenos.
   463 | D:2      | Found an iron altar of Okawaru.
   463 | D:2      | Found an ancient bone altar of Kikubaaqudgha.
   465 | D:2      | Found a shimmering altar of Xom.
   465 | D:2      | Found a shattered altar of Ashenzari.
   466 | D:2      | Found a snail-covered altar of Cheibriados.
   516 | D:2      | Reached XP level 3. HP: 19/26 MP: 3/3
   651 | D:2      | Reached XP level 4. HP: 21/31 MP: 4/4
   787 | D:2      | XOM: give mutations
   787 | D:2      | Gained mutation: You are somewhat resistant to further mutation. [Xom's grace]
   787 | D:2      | Gained mutation: You have a pair of small antennae on your head. [Xom's grace]
   787 | D:2      | Gained mutation: You have an increased reservoir of magic. (+10% MP) [Xom's grace]
   840 | D:2      | Gained mutation: You are robust. (+10% HP) [mutagenic meat]
   841 | D:2      | Gained mutation: You are surrounded by a mild repulsion field. (EV +2) [mutagenic meat]
   867 | D:2      | XOM: 1-stop teleportation journey
   888 | D:2      | XOM: cloud trail
   902 | D:2      | Reached skill level 5 in Long Blades
   913 | D:2      | XOM: give mutations
   913 | D:2      | Gained mutation: You are somewhat resistant to both further mutation and mutation removal. [Xom's grace]
   913 | D:2      | Gained mutation: You possess an exceptional clarity of mind. [Xom's grace]
   913 | D:2      | Gained mutation: Your muscles are strong. (Str +2) [Xom's grace]
  1058 | D:3      | XOM: snakes to sticks
  1233 | D:3      | XOM: summons 4 friendly demons
  1234 | D:3      | Reached XP level 5. HP: 38/39 MP: 5/5
  1364 | D:3      | XOM: give mutations
  1364 | D:3      | Gained mutation: Your muscles are very strong. (Str +4) [Xom's grace]
  1364 | D:3      | Gained mutation: You are resistant to hostile enchantments. (MR+) [Xom's grace]
  1364 | D:3      | Gained mutation: Your system is resistant to poisons. (rPois) [Xom's grace]
  1364 | D:3      | Gained mutation: You passively map a small area around you. [Xom's grace]
  1422 | D:3      | Noticed Irenicus's ghost (amateur OpCK)
  1527 | D:4      | Reached skill level 6 in Long Blades
  1529 | D:4      | XOM: destruction
  1632 | D:4      | Noticed matthes123's ghost (amateur MiFi)
  1658 | D:4      | XOM: divination: magic mapping
  1664 | D:4      | XOM: chaos cloud
  1676 | D:4      | Slain by matthes123's ghost

Skill      XL: |  1  2  3  4  5 |
---------------+----------------+-----
Long Blades    | 4 5 6 |  6.3
Fighting       | |  3.0
Dodging        | |  2.3

Action                   |  1- 3 |  4- 6 || total
-------------------------+-------+-------++-------
Melee: Falchion          |    44 |    67 ||   111
       Constrict         |    10 |    22 ||    32
       Tentacles         |     4 |    13 ||    17
  Use: Scroll            |       |     2 ||     2
       Potion            |       |     4 ||     4
 Stab: Sleeping          |     5 |     6 ||    11
  Eat: Chunk             |       |     6 ||     6
Armor: Skin              |     4 |     2 ||     6
Dodge: Dodged            |    35 |    50 ||    85
       Rpst.: Falchion   |     7 |    19 ||    26
